 Dungeon Crawl Stone Soup version 0.21.1-1-g345015fe64 (webtiles) character file.

58 MadFisi the Skirmisher (level 3, -1/33 HPs)
             Began as a Draconian Berserker on Mar 24, 2018.
             Was a Follower of Trog.
             Slain by an adder skeleton (4 damage)
             ... on level 2 of the Dungeon.
             The game lasted 00:05:59 (1217 turns).

MadFisi the Skirmisher (Draconian Berserker)        Turns: 1217, Time: 00:06:00

Health: -1/33      AC:  5    Str: 20    XL:     3   Next: 75%
Magic:  3/3        EV: 13    Int:  7    God:    Trog [*.....]
Gold:   79         SH:  0    Dex: 10    Spells: 2/2 levels left

rFire    . . .     SeeInvis .   l - +0 falchion
rCold    . . .     Gourm    .   (no shield)
rNeg     . . .     Faith    .   (armour unavailable)
rPois    .         Spirit   .   (helmet restricted)
rElec    .         Reflect  .   (no cloak)
rCorr    .         Harm     .   (no gloves)
MR       .....                  (no boots)
Stlth    +.........             (no amulet)
HPRegen  0.11/turn              (no ring)
MPRegen  0.08/turn              (no ring)

@: no status effects
A: unfitting armour, cold-blooded, AC +5
a: Berserk, Burn Spellbooks, Renounce Religion


You were on level 2 of the Dungeon.
You worshipped Trog.
Trog was aware of your devotion.
You were not hungry.

You visited 1 branch of the dungeon, and saw 2 of its levels.

You collected 79 gold pieces.

Inventory:

Hand Weapons
 a - a +0 short sword
 j - a +0 mace
 l - a +0 falchion (weapon)
 p - a +2 scythe of slicing
Armour
 d - a +0 robe
Scrolls
 c - 2 scrolls of remove curse {unknown}
 f - a scroll of teleportation {unknown}
 g - a scroll of magic mapping {unknown}
 i - a scroll of enchant armour {unknown}
 m - a scroll of identify {unknown}
 o - a scroll of blinking {unknown}
Potions
 e - a potion of curing {unknown}
 h - a potion of lignification {unknown}
 k - a potion of flight {unknown}
 n - a potion of heal wounds {unknown}
Comestibles
 b - 2 rations


   Skills:
 + Level 3.9 Fighting
 + Level 3.5 Short Blades
 + Level 0.1(2.1) Long Blades
 + Level 0.3 Maces & Flails
 + Level 3.3 Dodging
 + Level 0.2 Stealth


You had 2 spell levels left.
You didn't know any spells.

Dungeon Overview and Level Annotations

Branches:
Dungeon (2/15)

Altars:
Kikubaaqudgha
Yredelemnul

Annotations:
D:2 Menkaure


Innate Abilities, Weirdness & Mutations

Your plain brown scales are hard. (AC +5)
You cannot fit into any form of body armour.
You are cold-blooded and may be slowed by cold attacks.


Message History

Your body is wracked with pain!
* * * LOW HITPOINT WARNING * * *
There is a basalt altar of Yredelemnul here.
Things that are here:
a smoky cyan potion; 15 gold pieces You see here the amulet of Vitality {Regen+ HP+15}.
The adder skeleton bites you.
* * * LOW HITPOINT WARNING * * *
There is a transporter here.
You enter the transporter and appear at another place.
The quokka skeleton bites you but does no damage.
The adder skeleton barely misses you.
You riposte.
You barely miss the adder skeleton.
The adder skeleton is lightly damaged.
The quokka skeleton barely misses you.
You riposte.
You slash the quokka skeleton!
You destroy the quokka skeleton!
Trog accepts your kill. The adder skeleton bites you.
You die...

#..#.....©.....#.#
#..#..##...##..#.#
#..#..#8...8#..#.#
######..#..##...##..#.#
#.......#...........#.#
..#####.#.$$_.MZM!"©#.#
#.#############.#
.#######.......©)......#
#......##...#.Z@.#######
........#.##....##
...........##.####
..........###.#
..........# #.#
..........# #.#
..........# #.#
(........## ..........#


You could see Menkaure, a mummy, a ball python skeleton and an adder skeleton.

Vanquished Creatures
  2 adders (D:2)
  A dart slug (D:1)
  A leopard gecko (D:2)
  A ball python (D:2)
  5 bats
  2 giant cockroaches
  7 goblins
  5 hobgoblins (D:1)
  4 kobolds
  A frilled lizard (D:1)
  A quokka skeleton (D:2)
  4 rats
34 creatures vanquished.

Notes
Turn   | Place    | Note
-------+----------+-------------------------------------------
     0 | D:1      | MadFisi the Draconian Berserker began the quest for the Orb.
     0 | D:1      | Reached XP level 1. HP: 19/19 MP: 1/1
   163 | D:1      | Reached XP level 2. HP: 26/26 MP: 2/2
   939 | D:2      | Reached XP level 3. HP: 25/33 MP: 3/3
  1049 | D:2      | Reached ** piety under Trog
  1081 | D:2      | Found an ancient bone altar of Kikubaaqudgha.
  1083 | D:2      | Noticed Menkaure
  1088 | D:2      | Found a basalt altar of Yredelemnul.
  1091 | D:2      | Found the amulet of Vitality {Regen+ HP+15}
  1091 | D:2      | Found a transporter.
  1108 | D:2      | Found a transporter.
  1217 | D:2      | Slain by an adder skeleton

Skill      XL: |  1  2 |
---------------+-------+-----
Dodging        | 3 |  3.3
Fighting       | |  3.9
Short Blades   | |  3.5
Long Blades    | |  0.1
Maces & Flails | |  0.3
Stealth        | |  0.2

Action                   || total
-------------------------++-------
Melee: Short sword       ||    55
       Mace              ||    27
       Tailslap          ||     4
       Falchion          ||    11
  Eat: Ration            ||     1
Armor: Skin              ||    51
Dodge: Dodged            ||   109
       Rpst.: Falchion   ||     6
